TOP OF THE 1ST |
Mancelona Torch batting - Pitching for Walla Walla Walleye : LHP Ids Knegt
|
Pitching: LHP Ids Knegt
|
|
Batting: RHB Marty Aspen
|
0-0: Called Strike 0-1: Ball 1-1: Swinging Strike 1-2: Strikes out looking
|
Batting: RHB Magtanggol Florencio
|
0-0: Ball 1-0: Ball 2-0: Called Strike 2-1: Ball 3-1: Swinging Strike 3-2: Strikes out swinging
|
Batting: LHB Basava Puri
|
0-0: Called Strike 0-1: Ball 1-1: Ground out 4-3 (Groundball, 4)
|
Top of the 1st over - 0 runs, 0 hits, 0 errors, 0 left on base; Mancelona 0 - Walla Walla 0 |
BOTTOM OF THE 1ST |
Walla Walla Walleye batting - Pitching for Mancelona Torch : LHP John Penton
|
Pitching: LHP John Penton
|
|
Batting: LHB Juan Huerta
|
0-0: Ball 1-0: Ball 2-0: Called Strike 2-1: Reached on error, E5 (Groundball, 56)
|
Batting: RHB Javier Vázquez
|
0-0: Swinging Strike 0-1: Swinging Strike 0-2: Strikes out swinging
|
Batting: RHB Raúl Maradona
|
0-0: Called Strike Passed Ball! Juan Huerta to third 0-1: Ball 1-1: Ball 2-1: Foul Ball, location: 2F 2-2: Ball 3-2: Foul Ball, location: 2F 3-2: Foul Ball, location: 2F 3-2: Fly out, F8 (Flyball, 8LD) Runner from 3rd tags up, SCORES, throw made
|
Batting: LHB Andrés Rodríguez
|
0-0: SINGLE (Groundball, 4MD)
|
Batting: RHB Alejandro Blasco
|
0-0: Called Strike 0-1: Ball 1-1: Fly out, F9 (Flyball, 9D)
|
Bottom of the 1st over - 1 run, 1 hit, 1 error, 1 left on base; Mancelona 0 - Walla Walla 1 |
TOP OF THE 2ND |
Mancelona Torch batting - Pitching for Walla Walla Walleye : LHP Ids Knegt
|
Batting: LHB Duncan Witteman
|
0-0: Called Strike 0-1: Foul Ball, location: 2F 0-2: Ball 1-2: Strikes out swinging
|
Batting: SHB Arend van der Veen
|
0-0: Ball 1-0: Called Strike 1-1: Swinging Strike 1-2: Strikes out swinging
|
Batting: SHB Carlos Morales
|
0-0: Ball 1-0: Ground out 5-3 (Groundball, 56)
|
Top of the 2nd over - 0 runs, 0 hits, 0 errors, 0 left on base; Mancelona 0 - Walla Walla 1 |
BOTTOM OF THE 2ND |
Walla Walla Walleye batting - Pitching for Mancelona Torch : LHP John Penton
|
Batting: SHB Milojica Kordic
|
0-0: Ball 1-0: Called Strike 1-1: Called Strike 1-2: Foul Ball, location: 2F 1-2: Ball 2-2: Strikes out swinging
|
Batting: RHB Manny Moons
|
0-0: Called Strike 0-1: Called Strike 0-2: Strikes out swinging
|
Batting: RHB William Harper
|
0-0: Ball 1-0: Ball 2-0: Called Strike 2-1: Ground out 5-3 (Groundball, 56)
|
Bottom of the 2nd over - 0 runs, 0 hits, 0 errors, 0 left on base; Mancelona 0 - Walla Walla 1 |
TOP OF THE 3RD |
Mancelona Torch batting - Pitching for Walla Walla Walleye : LHP Ids Knegt
|
Batting: LHB Charles Godard
|
0-0: Ball 1-0: Called Strike 1-1: Fly out, F8 (Flyball, 8LM)
|
Batting: RHB Hjalmar Bisseling
|
0-0: Ball 1-0: Called Strike 1-1: Ball 2-1: Foul Ball, location: 2F 2-2: Foul Ball, location: 2F 2-2: Strikes out swinging
|
Batting: LHB Ed Holte
|
0-0: Fly out, F5 (Popup, 56S)
|
Top of the 3rd over - 0 runs, 0 hits, 0 errors, 0 left on base; Mancelona 0 - Walla Walla 1 |
BOTTOM OF THE 3RD |
Walla Walla Walleye batting - Pitching for Mancelona Torch : LHP John Penton
|
Batting: RHB William Morgan
|
0-0: Called Strike 0-1: Ball 1-1: Reached on error, E5 (Groundball, 5S)
|
Batting: LHB Juan Huerta
|
0-0: Ball 1-0: Ball 2-0: Called Strike William Morgan is caught stealing 2nd base 2-1: Ball 3-1: Base on Balls
|
Batting: RHB Javier Vázquez
|
0-0: Ball 1-0: Foul Ball, location: 2F 1-1: Ball 2-1: Ball 3-1: Foul Ball, location: 2F 3-2: Foul Ball, location: 2F 3-2: SINGLE (Groundball, 56D) Juan Huerta to second
|
Batting: RHB Raúl Maradona
|
0-0: Ball Juan Huerta steals 3rd base Javier Vázquez to second 1-0: Called Strike 1-1: Foul Ball, location: 2F 1-2: Fly out, F9 (Flyball, 89S) Runner from 3rd tags up, SCORES, throw made
|
Batting: LHB Andrés Rodríguez
|
0-0: Called Strike 0-1: Called Strike 0-2: Ball 1-2: Strikes out swinging
|
Bottom of the 3rd over - 1 run, 1 hit, 1 error, 1 left on base; Mancelona 0 - Walla Walla 2 |
TOP OF THE 4TH |
Mancelona Torch batting - Pitching for Walla Walla Walleye : LHP Ids Knegt
|
Batting: RHB Marty Aspen
|
0-0: Swinging Strike 0-1: Foul Ball, location: 2F 0-2: Strikes out swinging
|
Batting: RHB Magtanggol Florencio
|
0-0: Called Strike 0-1: Foul Ball, location: 2F 0-2: Strikes out swinging
|
Batting: LHB Basava Puri
|
0-0: Ball 1-0: Foul Ball, location: 2F 1-1: Ball 2-1: Ball 3-1: Ground out 5-3 (Groundball, 56)
|
Top of the 4th over - 0 runs, 0 hits, 0 errors, 0 left on base; Mancelona 0 - Walla Walla 2 |
BOTTOM OF THE 4TH |
Walla Walla Walleye batting - Pitching for Mancelona Torch : LHP John Penton
|
Batting: RHB Alejandro Blasco
|
0-0: Ball 1-0: Swinging Strike 1-1: Fly out, F7 (Flyball, 7S)
|
Batting: SHB Milojica Kordic
|
0-0: Ball 1-0: Ball 2-0: Foul Ball, location: 2F 2-1: Swinging Strike 2-2: Ground out 6-3 (Groundball, 6M)
|
Batting: RHB Manny Moons
|
0-0: Ball 1-0: Ball 2-0: Ball 3-0: Called Strike 3-1: Base on Balls
|
Batting: RHB William Harper
|
0-0: Ball 1-0: Called Strike 1-1: Ball 2-1: Foul Ball, location: 2F 2-2: Foul Ball, location: 2F 2-2: Ball 3-2: Ground out 5-3 (Groundball, 5)
|
Bottom of the 4th over - 0 runs, 0 hits, 0 errors, 1 left on base; Mancelona 0 - Walla Walla 2 |
TOP OF THE 5TH |
Mancelona Torch batting - Pitching for Walla Walla Walleye : LHP Ids Knegt
|
Batting: LHB Duncan Witteman
|
0-0: Ball 1-0: Called Strike 1-1: Ball 2-1: Ground out 6-3 (Groundball, 6)
|
Batting: SHB Arend van der Veen
|
0-0: Called Strike 0-1: Fly out, F4 (Line Drive, 4MD)
|
Batting: SHB Carlos Morales
|
0-0: Ball 1-0: Swinging Strike 1-1: Ground out 6-3 (Groundball, 6)
|
Top of the 5th over - 0 runs, 0 hits, 0 errors, 0 left on base; Mancelona 0 - Walla Walla 2 |
BOTTOM OF THE 5TH |
Walla Walla Walleye batting - Pitching for Mancelona Torch : LHP John Penton
|
Batting: RHB William Morgan
|
0-0: Ball 1-0: Foul Ball, location: 2F 1-1: Foul Ball, location: 2F 1-2: Foul Ball, location: 2F 1-2: Ground out 6-3 (Groundball, 56)
|
Batting: LHB Juan Huerta
|
0-0: Ball 1-0: Ground out 6-3 (Groundball, 6)
|
Batting: RHB Javier Vázquez
|
0-0: Called Strike 0-1: Foul Ball, location: 2F 0-2: Fly out, F6 (Line Drive, 6M)
|
Bottom of the 5th over - 0 runs, 0 hits, 0 errors, 0 left on base; Mancelona 0 - Walla Walla 2 |
TOP OF THE 6TH |
Mancelona Torch batting - Pitching for Walla Walla Walleye : LHP Ids Knegt
|
Batting: LHB Charles Godard
|
0-0: Called Strike 0-1: SINGLE (Line Drive, 7LS)
|
Batting: RHB Hjalmar Bisseling
|
0-0: Bunt - Flyout! F5
|
Batting: LHB Ed Holte
|
0-0: Ball 1-0: Ball 2-0: Foul Ball, location: 2F 2-1: Foul Ball, location: 2F 2-2: Foul Ball, location: 2F 2-2: Foul Ball, location: 2F 2-2: Ball 3-2: Foul Ball, location: 2F 3-2: Fly out, F6 (Popup, 6)
|
Batting: RHB Marty Aspen
|
0-0: Called Strike 0-1: Ball 1-1: Ball 2-1: Foul Ball, location: 2F 2-2: Strikes out swinging
|
Top of the 6th over - 0 runs, 1 hit, 0 errors, 1 left on base; Mancelona 0 - Walla Walla 2 |
BOTTOM OF THE 6TH |
Walla Walla Walleye batting - Pitching for Mancelona Torch : LHP John Penton
|
Batting: RHB Raúl Maradona
|
0-0: Ball 1-0: Ground out 6-3 (Groundball, 56D)
|
Batting: LHB Andrés Rodríguez
|
0-0: Ball 1-0: Ball 2-0: Fly out, F5 (Popup, 56S)
|
Batting: RHB Alejandro Blasco
|
0-0: Ball 1-0: SINGLE (Line Drive, 8LS)
|
Pitching: RHP Chris Stambaugh
|
|
Batting: SHB Milojica Kordic
|
0-0: Ball 1-0: Fly out, F8 (Line Drive, 89D)
|
Bottom of the 6th over - 0 runs, 1 hit, 0 errors, 1 left on base; Mancelona 0 - Walla Walla 2 |
TOP OF THE 7TH |
Mancelona Torch batting - Pitching for Walla Walla Walleye : LHP Ids Knegt
|
Batting: RHB Magtanggol Florencio
|
0-0: Ground out 6-3 (Groundball, 6M)
|
Batting: LHB Basava Puri
|
0-0: Ball 1-0: Called Strike 1-1: Ground out 4-3 (Groundball, 34)
|
Batting: LHB Duncan Witteman
|
0-0: Ball 1-0: Ball 2-0: Ball 3-0: Called Strike 3-1: Foul Ball, location: 2F 3-2: Ground out 4-3 (Groundball, 4)
|
Top of the 7th over - 0 runs, 0 hits, 0 errors, 0 left on base; Mancelona 0 - Walla Walla 2 |
BOTTOM OF THE 7TH |
Walla Walla Walleye batting - Pitching for Mancelona Torch : RHP Chris Stambaugh
|
Batting: RHB Manny Moons
|
0-0: Ball 1-0: Foul Ball, location: 2F 1-1: Ball 2-1: Ball 3-1: Swinging Strike 3-2: SINGLE (Line Drive, 8LS)
|
Batting: RHB William Harper
|
0-0: Bunt missed! 0-1: Bunted foul 0-2: Foul Ball, location: 2F 0-2: Ball 1-2: Fly out, F6 (Popup, P)
|
Batting: RHB William Morgan
|
0-0: Ball 1-0: Ball 2-0: Fly out, F7 (Flyball, 7S)
|
Batting: LHB Juan Huerta
|
0-0: Ball 1-0: Called Strike 1-1: Ball 2-1: Ball 3-1: Foul Ball, location: 2F 3-2: Base on Balls Manny Moons to second
|
Batting: RHB Javier Vázquez
|
0-0: Foul Ball, location: 2F 0-1: Ball 1-1: Ball 2-1: DOUBLE (Line Drive, 7LM) Manny Moons scores Juan Huerta to third Runner from 3rd tries for Home, SAFE, no throw
|
Pitching: LHP José Costa
|
|
Batting: RHB Raúl Maradona
|
0-0: Called Strike Javier Vázquez steals 3rd base 0-1: Ball 1-1: Foul Ball, location: 2F 1-2: Fly out, F9 (Flyball, 89M)
|
Bottom of the 7th over - 2 runs, 2 hits, 0 errors, 1 left on base; Mancelona 0 - Walla Walla 4 |
TOP OF THE 8TH |
Mancelona Torch batting - Pitching for Walla Walla Walleye : LHP Ids Knegt
|
Batting: SHB Arend van der Veen
|
0-0: Ball 1-0: Ball 2-0: Called Strike 2-1: Ball 3-1: Called Strike 3-2: Base on Balls
|
Batting: SHB Carlos Morales
|
0-0: Ball 1-0: Fielders Choice at 2nd, 1-6 (Groundball, 13S)
|
Batting: LHB Charles Godard
|
0-0: Called Strike 0-1: Ball 1-1: Ball 2-1: Foul Ball, location: 2F 2-2: Ball 3-2: Foul Ball, location: 2F 3-2: Fielders Choice at 2nd, 4-6 (Groundball, 4M)
|
Batting: RHB Hjalmar Bisseling
|
0-0: Called Strike 0-1: Ball 1-1: Ball 2-1: Foul Ball, location: 2F 2-2: Strikes out swinging, 2-3 out at first.
|
Top of the 8th over - 0 runs, 0 hits, 0 errors, 1 left on base; Mancelona 0 - Walla Walla 4 |
BOTTOM OF THE 8TH |
Walla Walla Walleye batting - Pitching for Mancelona Torch : LHP José Costa
|
Batting: LHB Andrés Rodríguez
|
0-0: Called Strike 0-1: Ball 1-1: Called Strike 1-2: Strikes out swinging
|
Batting: RHB Alejandro Blasco
|
0-0: Called Strike 0-1: Ball 1-1: Swinging Strike 1-2: SINGLE (Line Drive, 34D)
|
Batting: SHB Milojica Kordic
|
0-0: Ball 1-0: Ball 2-0: Ball 3-0: Called Strike 3-1: Base on Balls Alejandro Blasco to second
|
Batting: RHB Manny Moons
|
0-0: Ball 1-0: Called Strike 1-1: Foul Ball, location: 2F 1-2: Strikes out swinging
|
Batting: RHB William Harper
|
0-0: Ball 1-0: Ball 2-0: Called Strike 2-1: Called Strike 2-2: Ball 3-2: Fly out, F7 (Flyball, 7LM)
|
Bottom of the 8th over - 0 runs, 1 hit, 0 errors, 2 left on base; Mancelona 0 - Walla Walla 4 |
TOP OF THE 9TH |
Mancelona Torch batting - Pitching for Walla Walla Walleye : LHP Ids Knegt
|
Pitching: RHP Hwen-thiang Goei
|
|
Batting: LHB Ed Holte
|
0-0: Called Strike 0-1: Ground out 5-3 (Groundball, 5)
|
Batting: RHB Marty Aspen
|
0-0: Called Strike 0-1: Called Strike 0-2: Strikes out swinging
|
Batting: RHB Magtanggol Florencio
|
0-0: Foul Ball, location: 2F 0-1: Ball 1-1: Foul Ball, location: 2F 1-2: Ground out 4-3 (Groundball, 4)
|
Top of the 9th over - 0 runs, 0 hits, 0 errors, 0 left on base; Mancelona 0 - Walla Walla 4 |
|